Map: Ice and Chrome LE

Players

Vanya - Winner!

  • Race: Zerg Zerg
  • League: Grandmaster
  • Spawn Location: 1:00

Lambo

  • Race: Zerg Zerg
  • Spawn Location: 7:00

Event: DreamHack SC2 Masters 2020 Summer Europe

VOD

Have the link to the VOD?

Description

Time

  • Played on: July 9, 2020, 9:34 a.m.
  • Length: 8:41

All games in this series

Show
View Real Time Build Order
Export as new Build Order

Vanya Zerg - Winner!

Build Orders: Pool First 

Get SALT Encoding   

  12  0:00  Drone  
  13  0:13  Overlord  
  13  0:16  Drone  
  14  0:31  Drone x2  
  16  0:40  Spawning Pool  
  15  0:44  Drone  
  15  0:47  Drone  
  17  1:07  Hatchery  
  17  1:10  Drone  
  17  1:25  Extractor  
  16  1:27  Zergling x4  
  16  1:28  Zergling x2  
  16  1:30  Queen  
  21  1:40  Overlord  
  21  1:50  Drone  
  22  2:01  Drone  
  22  2:06  Queen  
  25  2:11  Drone  
  26  2:19  Queen  
  26  2:21  Drone  
  29  2:24  Drone  
  30  2:30  Overlord  
  30  2:35  Drone  
  30  2:38  Drone  
  30  2:44  Drone x2  
  33  2:50  Drone x2  
  35  2:59  Lair  
  35  3:00  Drone x2  
  35  3:02  Drone  
  38  3:10  Spine Crawler  
  36  3:15  Evolution Chamber  
  36  3:18  Roach Warren  
  34  3:22  Evolution Chamber  
  34  3:24  Drone x2  
  35  3:27  Drone  
  35  3:31  Drone x2, Extractor  
  37  3:40  Spine Crawler  
  37  3:41  Zergling x4  
  38  3:54  Evolution Chamber  
  38  3:55  Evolution Chamber  
  36  4:02  Zergling x2  
  37  4:03  Zergling x4  
  39  4:12  Roach Warren  
  39  4:14  Spire  
  39  4:17  Drone x2  
  40  4:20  Drone  
  40  4:22  Roach Warren  
  41  4:26  Overlord  
  42  4:33  Roach Warren  
  42  4:38  Spine Crawler  
  44  4:56  Extractor  
  44  4:57  Drone x3  
  46  5:02  Overseer  
  47  5:07  Drone x3, Extractor  
  49  5:18  Drone  
  49  5:19  Drone x4  
  50  5:29  Zerg Flyer Armor Level 1  
  50  5:30  Overlord  
  50  5:36  Overlord  
  50  5:42  Overlord  
  50  5:45  Metabolic Boost  
  50  5:46  Zerg Melee Weapons Level 1  
  50  5:50  Drone  
  50  5:51  Overlord  
  50  5:56  Mutalisk x4  
  59  6:05  Mutalisk  
  61  6:14  Hatchery  
  61  6:16  Drone x2  
  61  6:17  Drone x2  
  64  6:18  Drone  
  64  6:19  Drone  
  64  6:20  Mutalisk  
  68  6:28  Mutalisk  
  68  6:29  Overlord  
  70  6:35  Drone x2  
  72  6:40  Overlord  
  72  6:41  Mutalisk  
  72  6:42  Extractor  
  72  6:45  Mutalisk  
  72  6:47  Extractor  
  74  6:52  Drone x3  
  77  6:54  Drone x3  
  77  6:57  Mutalisk  
  82  7:05  Zergling x4  
  82  7:07  Mutalisk  
  86  7:15  Overlord  
  86  7:16  Mutalisk  
  86  7:18  Overlord  
  86  7:20  Mutalisk  
  90  7:24  Overlord  
  90  7:30  Mutalisk  
  90  7:31  Zergling x2  
  90  7:32  Zergling x6  
  96  7:44  Mutalisk  
  96  7:47  Overlord  
  98  7:53  Zergling x14  
  105  8:01  Mutalisk x3  
  111  8:07  Spore Crawler  
  110  8:16  Mutalisk x2  
  110  8:18  Overlord  
  114  8:20  Zergling x6  
Show
View Real Time Build Order
Export as new Build Order

Lambo Zerg 

Build Orders: Hatch First 

Get SALT Encoding   

  12  0:00  Drone  
  13  0:12  Overlord  
  13  0:17  Drone  
  14  0:30  Drone x2  
  16  0:47  Hatchery  
  15  0:50  Drone  
  15  0:54  Drone  
  18  0:57  Drone  
  18  1:08  Extractor  
  17  1:12  Spawning Pool  
  17  1:15  Drone  
  17  1:18  Drone  
  18  1:27  Drone  
  19  1:38  Drone  
  20  1:51  Drone  
  21  1:59  Zergling x2, Queen x2  
  21  2:00  Overlord  
  26  2:08  Metabolic Boost  
  26  2:09  Drone  
  26  2:10  Drone  
  28  2:23  Zergling x4  
  29  2:33  Zergling x4  
  28  2:46  Baneling Nest  
  28  2:50  Overlord  
  27  2:52  Zergling x2  
  27  2:54  Zergling x4  
  30  3:07  Zergling x4  
  32  3:17  Zergling x12  
  38  3:24  Zergling x2  
  38  3:26  Zergling x2  
  40  3:32  Baneling x4  
  40  3:37  Baneling x2  
  40  3:38  Zergling x2  
  41  3:41  Zergling x2  
  41  3:44  Zergling x2  
  43  3:50  Zergling x2  
  43  3:53  Zergling x2  
  43  3:59  Zergling x6  
  40  4:05  Drone x2  
  42  4:12  Drone x2  
  44  4:29  Drone x2  
  44  4:30  Drone  
  44  4:32  Lair  
  44  4:37  Extractor  
  44  4:38  Drone  
  44  4:44  Overlord  
  44  4:54  Overlord  
  44  4:57  Extractor  
  44  4:58  Drone  
  44  5:00  Drone, Extractor  
  44  5:03  Drone x5  
  49  5:08  Drone x2  
  49  5:11  Drone  
  49  5:13  Drone  
  53  5:22  Drone x2  
  53  5:23  Drone x2  
  57  5:29  Drone x2  
  59  5:37  Spire  
  59  5:41  Drone x2  
  60  5:45  Overlord  
  60  6:02  Overlord  
  60  6:05  Overlord  
  60  6:08  Drone x3, Overlord  
  63  6:14  Drone  
  63  6:15  Drone  
  65  6:25  Hatchery, Drone  
  65  6:37  Overlord  
  64  6:50  Mutalisk x8, Extractor  
  64  6:52  Mutalisk  
  64  6:53  Extractor  
  80  7:01  Overlord  
  80  7:04  Drone x2  
  81  7:16  Mutalisk  
  81  7:21  Queen  
  85  7:25  Mutalisk  
  85  7:27  Zergling x8  
  91  7:34  Overlord x2  
  90  7:50  Mutalisk x3  
  95  7:58  Mutalisk x2  
  96  8:04  Mutalisk  
  99  8:12  Mutalisk  
  97  8:14  Zergling x10  
Tags
 
Add a new tag
Caveats
  • Supply blocks, unpowered buildings, or Contaminate may cause inaccurate times.
  • Supply counts are checked every 10 seconds.